 Dungeon Crawl Stone Soup version 0.17.1-3-g152610e (webtiles) character file.

414 Goblin1989 the Insei (level 6, -2/38 HPs)
             Began as an Octopode Transmuter on Feb 19, 2016.
             Was a Follower of Cheibriados.
             Slain by a sky beast (6 damage)
             ... on level 6 of the Dungeon.
             The game lasted 00:26:36 (5787 turns).

Goblin1989 the Insei (Octopode Transmuter)          Turns: 5787, Time: 00:26:37

Health: -2/38      AC:  1    Str: 12      XL:     6   Next: 91%
Magic:  5/9        EV: 12    Int: 19      God:    Cheibriados [*.....]
Gold:   266        SH:  0    Dex: 11 (14) Spells: 3 memorised, 2 levels left

rFire  . . .     SeeInvis .       - Unarmed
rCold  + . .     Clarity  .     (no shield)
rNeg   . . .     SustAt   .     (helmet restricted)
rPois  .         Gourm    .     (no amulet)
rElec  .         Spirit   .     v - ring of protection from cold
rCorr  .         Warding  .     (no ring)
rMut   .         Stasis   .     (no ring)
MR     .....                    (no ring)
Stlth  ++........               (no ring)
                                (no ring)
                                (no ring)
                                (no ring)

@: appendage, very slow, not resistant to hostile enchantments, unstealthy
A: almost no armour, amphibious, 8 rings, constrict 8, tentacle spike 3,
camouflage 1, gelatinous body 1
a: End Transformation, Bend Time, Renounce Religion


You were on level 6 of the Dungeon.
You worshipped Cheibriados.
Cheibriados was aware of your devotion.
You were hungry.
One of your tentacles had a temporary spike.
You visited 2 branches of the dungeon, and saw 7 of its levels.

You collected 266 gold pieces.

Inventory:

Missiles
 a - 21 arrows
 g - 20 poisoned needles
 j - 8 arrows of flame
 k - 2 poisoned tomahawks (quivered)
Jewellery
 r - an uncursed ring of ice
 v - a ring of protection from cold (left tentacle)
Wands
 q - a wand of flame (48)
Scrolls
 d - 4 scrolls of remove curse
 h - a scroll of blinking
 i - 3 scrolls of recharging
 l - a scroll of magic mapping
 m - a scroll of fog
Potions
 e - a potion of heal wounds
 f - 2 potions of curing
 n - 3 potions of ambrosia
 p - a potion of brilliance
 u - a potion of magic
Books
 b - a book of Changes

   Spells                             Type                      Level
   a - Beastly Appendage              Transmutation                1
   b - Sticks to Snakes               Transmutation                2
   c - Spider Form                    Transmutation/Poison         3
   d - Ice Form                       Ice/Transmutation            4
   e - Blade Hands                    Transmutation                5
Comestibles
 c - 5 bread rations
 s - 4 fruits
 t - 2 beef jerkies


   Skills:
 - Level 1.0 Fighting
 - Level 2.0 Dodging
 * Level 6.3 Unarmed Combat
 - Level 2.0 Spellcasting
 + Level 3.4 Transmutations
 + Level 2.4 Ice Magic


You had 2 spell levels left.
You knew the following spells:

 Your Spells              Type           Power        Failure   Level  Hunger
a - Beastly Appendage     Trmt           ###...       6%          1    #......
b - Sticks to Snakes      Trmt           ###.......   10%         2    ###....
c - Ice Form              Ice/Trmt       ##......     63%         4    #####..


Dungeon Overview and Level Annotations

Branches:
Dungeon (6/15)             Temple (1/1) D:5

Altars:
Ashenzari
Cheibriados
Dithmenos
Elyvilon
Makhleb
Okawaru
Qazlal
Ru
Trog
Yredelemnul
Zin
The Shining One

Shops:
D:5 [

Annotations:
D:6 Dowan, Duvessa, Menkaure


Innate Abilities, Weirdness & Mutations

You cannot wear most types of armour.
You are amphibious.
You can wear up to eight rings at the same time.
You can use your tentacles to constrict eight enemies at once.
Your skin changes colour to match your surroundings (Stealth).
Your rubbery body absorbs attacks (AC +1).
One of your tentacles bears a large vicious spike.


Message History

Your adder bites the sky beast.
The sky beast flickers out of sight!
Deactivating autopickup; reactivate with Ctrl-A.
Something misses your adder.
You swap places.
Something hits you. Something shocks you.
You tentacle-slap something.
You pierce something.
Something hits you. Something shocks you.
Your adder barely misses something.
You miss something.
Your adder barely misses something.
Something hits you. Something shocks you.
You miss something. You squeeze something.
Your adder bites something.
Something hits you. Something shocks you.
You tentacle-slap something.
Your tentacle spike misses something.
Your adder misses something. You tentacle-slap something.
You pierce something.
Your adder barely misses something.
Something hits you. Something shocks you.
* * * LOW HITPOINT WARNING * * *
You tentacle-slap something.
Your adder closely misses something.
Something hits you.
* * * LOW HITPOINT WARNING * * *
Something shocks you.
You die...

.# .......# #...............#.#
.# #.......# #...######.#.####.#
.# #.......#.
#............#....# .#
#.!....... #....####.####.####
.# #.......# #####.####.####.#
.###.......# #...#....#.#....#
...........#.#.#.####.#.#.####
.##........#..........#.#.####
.##........####S@######.#..<.#
##..#.######....{# #.####.#
#.##.# #.###.# #...##.###
#...<######.....########......#
#####.....####...........###..##
##.##.# #...........# #..>.
.........# #≈..........# #..##
.........# #...........# #....
.........# #...........# ##.#.


You could see a friendly adder.

Vanquished Creatures
  A vampire bat (D:5)
  2 crimson imps (D:5)
  A hound (D:6)
  Natasha (thrice) (D:2)
  An iguana (D:5)
  2 worker ants
  4 gnolls
  2 adders
  An ooze (D:5)
  An adder skeleton (D:4)
  4 worms
  A giant gecko (D:6)
  2 orcs
  A ball python (D:1)
  11 bats
  5 giant cockroaches
  6 goblins
  7 hobgoblins
  A jackal (D:2)
  2 giant newts
  6 kobolds (D:2)
  7 rats
71 creatures vanquished.

Vanquished Creatures (collateral kills)
  A crimson imp (D:5)
  A hound (D:4)
  A hobgoblin (D:2)
3 creatures vanquished.

Grand Total: 74 creatures vanquished

Notes
Turn   | Place    | Note
--------------------------------------------------------------
     0 | D:1      | Goblin1989 the Octopode Transmuter began the quest for the Orb.
     0 | D:1      | Reached XP level 1. HP: 13/13 MP: 3/3
     0 | D:1      | Noticed a ghoul
     0 | D:1      | Noticed a human
     1 | D:1      | Noticed an octopode
     3 | D:1      | Noticed a troll
     3 | D:1      | Noticed a vine stalker
     5 | D:1      | Noticed a formicid
     6 | D:1      | Noticed an ogre
     7 | D:1      | Noticed a troll
     8 | D:1      | Noticed a gargoyle
    11 | D:1      | Noticed a gargoyle
    13 | D:1      | Noticed a felid
    14 | D:1      | Noticed a ghoul
    15 | D:1      | Noticed a troll
    15 | D:1      | Noticed a dwarf
    17 | D:1      | Noticed a felid
    17 | D:1      | Noticed a centaur
    17 | D:1      | Noticed a human
    19 | D:1      | Noticed a centaur
    19 | D:1      | Noticed a centaur
    23 | D:1      | Noticed an ogre
   236 | D:1      | Reached XP level 2. HP: 18/18 MP: 5/5
   243 | D:1      | Learned a level 2 spell: Sticks to Snakes
   666 | D:2      | Reached skill level 4 in Unarmed Combat
   957 | D:2      | Found a shattered altar of Ashenzari.
  1014 | D:2      | Reached XP level 3. HP: 23/23 MP: 3/6
  1080 | D:2      | Noticed Natasha
  1089 | D:2      | Killed Natasha
  1101 | D:2      | Noticed Natasha
  1113 | D:2      | Killed Natasha
  1113 | D:2      | Reached XP level 4. HP: 19/28 MP: 3/7
  1178 | D:2      | Noticed Natasha
  1181 | D:2      | Learned a level 4 spell: Ice Form
  1182 | D:2      | Killed Natasha
  1226 | D:2      | Reached skill level 5 in Unarmed Combat
  1530 | D:2      | Found a basalt altar of Yredelemnul.
  1629 | D:2      | You fall through a shaft!
  1632 | D:3      | Found a burning altar of Makhleb.
  1896 | D:2      | Found a sacrificial altar of Ru.
  3192 | D:4      | Reached skill level 1 in Ice Magic
  3192 | D:4      | Reached XP level 5. HP: 21/33 MP: 5/8
  3847 | D:5      | Entered Level 5 of the Dungeon
  4022 | D:5      | Reached XP level 6. HP: 35/38 MP: 9/9
  4088 | D:5      | Found a staircase to the Ecumenical Temple.
  4118 | Temple   | Entered the Ecumenical Temple
  4122 | Temple   | Became a worshipper of Cheibriados the Contemplative
  4337 | D:5      | Found Runtoche's Antique Armour Shop.
  4391 | D:5      | Reached skill level 6 in Unarmed Combat
  5342 | D:6      | Noticed Menkaure
  5569 | D:6      | Noticed Duvessa
  5569 | D:6      | Noticed Dowan
  5578 | D:6      | Reached * piety under Cheibriados
  5787 | D:6      | Slain by a sky beast

Action                   |  1- 3 |  4- 6 || total
-------------------------+-------+-------++-------
Melee: Unarmed           |    58 |   138 ||   196
 Cast: Beastly Appendage |     5 |    26 ||    31
       Sticks to Snakes  |     4 |    15 ||    19
  Use: Scroll            |       |    15 ||    15
       Potion            |       |     5 ||     5
 Stab: Sleeping          |     5 |     6 ||    11
       Distracted        |       |     1 ||     1
  Eat: Chunk             |       |    10 ||    10
       Meat ration       |       |     1 ||     1
       Beef jerky        |       |     1 ||     1
